[Event "*** Titled Tuesday Blitz"]
[Site "Chess.com"]
[Date "2020.04.21"]
[Round "4"]
[White "JLRHei"]
[Black "Chessy222222"]
[Result "0-1"]
[WhiteElo "2269"]
[BlackElo "2102"]
[TimeControl "180+1"]
[EndTime "10:40:27 PDT"]
[Termination "Chessy222222 won by checkmate"]

1. d4 Nf6 2. c4 g6 3. Nf3 Bg7 4. g3 O-O 5. Bg2 d6 6. O-O Nc6 7. Nc3 a6 8. Bf4 Rb8 9. Rc1 b5 10. Nd5 Bd7 11. cxb5 axb5 12. Nxc7 Qxc7 13. d5 Qb7 14. dxc6 Bxc6 15. Rc2 Rfc8 16. Qd2 Ne4 17. Qe3 Bd5 18. Rxc8+ Rxc8 19. b3 Rc3 20. Rc1 Rxe3 21. Bxe3 h5 22. h4 Bf6 23. Kf1 Kg7 24. Bh3 Nc5 25. Nd4 Ne6 26. Nf3 Bxf3 27. exf3 Qxf3 28. Bg2 Qg4 29. a4 bxa4 30. bxa4 Bd4 31. Bxd4+ Qxd4 32. Bc6 Nc5 33. a5 Qb2 34. Re1 Nd3 35. Re2 Qa1+ 36.
Kg2 Qxa5 37. Rxe7 Ne5 38. Bf3 Nxf3 39. Kxf3 Qd5+ 40. Re4 f5 41. Kg2 Qxe4+ 42. Kg1 d5 43. Kf1 d4 44. g4 d3 45. g5 d2 46. f3 Qxf3+ 47. Kg1 d1=Q+ 48. Kh2 Qde2+ 49. Kg1 Qff1# 0-1

[Event "*** Titled Tuesday Blitz"]
[Site "Chess.com"]
[Date "2020.04.21"]
[Round "4"]
[White "Megagigahiper3345"]
[Black "Shaman91"]
[Result "0-1"]
[WhiteElo "2566"]
[BlackElo "2851"]
[TimeControl "180+1"]
[EndTime "10:40:28 PDT"]
[Termination "Shaman91 won by checkmate"]

1. d4 d6 2. e4 Nf6 3. Bd3 e5 4.
c3 Nbd7 5. Nf3 g6 6. O-O Bg7 7.
h3 O-O 8. Re1 Re8 9. Nbd2 b6 10.
Nf1 Bb7 11. Ng3 d5 12. dxe5 Nxe4 13. Nxe4 dxe4 14. Bxe4 Bxe4 15. Rxe4 Nxe5 16. Qxd8 Raxd8 17. Be3 Nd3 18. Rxe8+ Rxe8 19. Rb1 c5 20. Ne1 Ne5 21. b3 Nc6 22. Rc1 f5 23. Nd3 Rd8 24. Nf4 Kf7 25. Kf1 g5 26. Ne2 f4 27. Nxf4 gxf4 28. Bxf4 Rd3 29. c4 Nb4 30. Re1 Nxa2 31. Bb8 Rd7 32. g4 Bd4 33. Kg2 Nb4 34. f4 Nc6 35. Be5 Re7 36. Rf1 Nxe5 37. fxe5+ Kg7 38. Kg3 Rxe5 39. Kf4 Re3 40. h4 Rxb3 41. Kg5 Re3 42. Kh5 h6 43. Rb1 Re5+ 44. g5 hxg5 45. hxg5 Be3 46. Kg4 Bxg5 47. Rf1 Bf6 48. Rd1 Re7 49. Kh5 a5 50. Rg1+ Kf7 51.
Rf1 Ra7 52. Kh6 a4 53. Kh7 Ra8 54. Rg1 Rh8# 0-1

[Event "*** Titled Tuesday Blitz"]
[Site "Chess.com"]
[Date "2020.04.21"]
[Round "4"]
[White "VinzentSpitzl"]
[Black "Maitreia"]
[Result "0-1"]
[WhiteElo "2364"]
[BlackElo "2688"]
[TimeControl "180+1"]
[EndTime "10:40:28 PDT"]
[Termination "Maitreia won by resignation"]

1. e4 c5 2. Nf3 g6 3. d4 cxd4 4. Qxd4 Nf6 5. Nc3 Nc6 6. Qa4 d6 7. e5 dxe5 8. Nxe5 Bg7 9. Nxc6 bxc6 10. Be2 O-O 11. O-O Nd5 12. Nxd5 cxd5 13. Rd1 e6 14. c4 Bd7 15. Qa3 dxc4 16. Be3 Qc7 17. Rac1 Bb5 18. b3 Rfd8 19. Rxd8+ Rxd8 20. h3 a6 21. bxc4 Bf8 22. Qb2 Bc6 23. c5 a5 24. Qc3 Bg7 25. Qc2 Be5 26. Rd1 Rb8 27. Bc4 Bh2+ 28. Kh1 Bf4 29. Qd3 Bxe3 30. Qxe3 Qb7 31. Bxe6 Bxg2+ 32.
Kg1 Bf3 33. Rd7 Qb1+ 34. Kh2 Qh1+ 35. Kg3 Qg2+ 36. Kf4 Rb4+ 37. Ke5 Qh2+ 38. Kf6 Rf4+ 39. Ke7 Re4 40. Rd8+ Kg7 41. Qc3+ Kh6 42. Qd2+ g5 43. Kxf7 Qe5 44. Rd6 Bh5+ 45. Ke7 Bg6 46. Qd5 Qg7+ 47. Kd8 Re5 48. Qd4 Qf8+ 49. Kc7 Qe7+ 50. Bd7 Re4 51. Qd5 Re5 52. Qd4 a4 53. h4 gxh4 54. Qxh4+ Qxh4 0-1

[Event "*** Titled Tuesday Blitz"]
[Site "Chess.com"]
[Date "2020.04.21"]
[Round "4"]
[White "GodDMuhammad"]
[Black "adriangschnitzer"]
[Result "0-1"]
[WhiteElo "2183"]
[BlackElo "2427"]
[TimeControl "180+1"]
[EndTime "10:40:28 PDT"]
[Termination "adriangschnitzer won on time"]

1. Nf3 Nf6 2. g3 c5 3. Bg2 d5 4. d3 Nc6 5. Nbd2 Bg4 6. O-O Qc7 7. c4 d4 8. Re1 e5 9. e3 dxe3 10. Rxe3 O-O-O 11. Qa4 Kb8 12. a3 Bf5 13. Nh4 Bd7 14.
b4 Nxb4 15. Qb3 Nc6 16. Bb2 Nd4 17. Qd1 Bd6 18. Nhf3 Bc6 19. Rb1 Rhe8 20. Ng5 h6 21. Nge4 Nxe4 22. Nxe4 f5 23. Nxd6 Qxd6 24. Qh5 Bxg2 25.
Kxg2 Nc2 26. Rf3 e4 27. dxe4 fxe4 28. Rb3 b6 29. a4 e3 30. f4 Qc6+ 31. Kh3 e2 32. Be5+ Ka8 33. Qxe2 Nd4 34. Qe3 Nxb3 35. Qxb3 Qe6+ 36. Kg2 Qc6+ 37. Kh3 Rd2 38. g4 Qd7 0-1

[Event "*** Titled Tuesday Blitz"]
[Site "Chess.com"]
[Date "2020.04.21"]
[Round "4"]
[White "WinstonSilvakov"]
[Black "ErikRonka"]
[Result "0-1"]
[WhiteElo "2140"]
[BlackElo "2416"]
[TimeControl "180+1"]
[EndTime "10:40:28 PDT"]
[Termination "ErikRonka won by resignation"]

1. d4 d5 2. e3 Nf6 3. Bd3 Nc6 4. f4 Nb4 5. Be2 Bf5 6. Na3 c5 7. dxc5 e6 8. c3 Nc6 9. b4 Ne4 10. Bb2 Qh4+ 11. g3 Nxg3 12. Nf3 Qh6 13. Rg1 Nxe2 14. Qxe2 Be7 15. O-O-O a5 16. b5 Na7 17. c4 Bf6 18. cxd5 O-O 19. Bxf6 Qxf6 20. Qb2 Qxb2+ 21. Kxb2 exd5 22.
Nd4 Be4 23. b6 Nc8 24. Ndb5 Ne7 25. Nd6 g6 26. Nxe4 dxe4 27. Rd7 Nf5 28. Rxb7 Nxe3 29. Re7 Rfc8 30. b7 Rab8 31. Ka1 Rxc5 32. Re1 Nf5 33. Rd7 e3 34. Kb2 Rc6 35. Kb3 Rb6+ 36. Ka4 R6xb7 37. Rxb7 Rxb7 38. Kxa5 Ra7+ 39. Kb4 Re7 40. Nc4 e2 41.
Ne5 f6 42. Nf3 Re4+ 43. Kc5 Rxf4 44. a3 Rxf3 45. a4 Ra3 46. a5 Rxa5+ 47. Kb4 Re5 48. Kc3 Nh4 49. Kd3 Nf3 0-1

[Event "*** Titled Tuesday Blitz"]
[Site "Chess.com"]
[Date "2020.04.21"]
[Round "4"]
[White "DanilNajdin"]
[Black "Vesper2018"]
[Result "1/2-1/2"]
[WhiteElo "2378"]
[BlackElo "1986"]
[TimeControl "180+1"]
[EndTime "10:40:28 PDT"]
[Termination "Game drawn by repetition"]

1. d4 Nf6 2. c4 g6 3. g3 Bg7 4. Bg2 O-O 5. Nc3 d6 6. Nf3 Nc6 7. O-O a6 8. Qd3 Bd7 9. e4 e5 10. d5 Nb4 11. Qe2 a5 12. Bg5 h6 13. Be3 Ng4 14. Bd2 f5 15. Nh4 Qe8 16. h3 Nf6 17. exf5 gxf5 18. f4 e4 19. Be3 Nd3 20. Bd4 c5 21.
dxc6 bxc6 22. g4 fxg4 23. Bxe4 Nxe4 24. Bxg7 Kxg7 25. Qxd3 Nxc3 26. Qxc3+ Kg8 27. Rae1 Qh5 28. Re7 Rf7 29. Rxf7 Kxf7 30. Qd3 Qxh4 31. Qh7+ Ke8 32. Qg8+ Ke7 33. Qxa8 Qg3+ 34. Kh1 Qxh3+ 35. Kg1 g3 36.
Re1+ Kf7 37. Re2 Qg4 38. Qa7 Qxe2 39. Qxd7+ Kg8 40. Qd8+ Kg7 41. Qd7+ Kg8 42. Qd8+ Kg7 43. Qd7+ Kg8 1/2-1/2

[Event "*** Titled Tuesday Blitz"]
[Site "Chess.com"]
[Date "2020.04.21"]
[Round "4"]
[White "Stormeman100100"]
[Black "leoduarte"]
[Result "1-0"]
[WhiteElo "2450"]
[BlackElo "2244"]
[TimeControl "180+1"]
[EndTime "10:40:29 PDT"]
[Termination "Stormeman100100 won on time"]

1. e4 c5 2. Nf3 e6 3. d4 cxd4 4. Nxd4 Nc6 5. Nc3 Qc7 6. Be3 a6 7. Qf3 b5 8. Qg3 Qxg3 9. hxg3 Bb7 10. f3 Nf6 11. O-O-O Bb4 12. Nb3 d6 13. a3 Bxc3 14.
bxc3 Ke7 15. c4 bxc4 16. Bxc4 Rac8 17. Be2 h6 18. Kd2 Nd7 19. Rb1 Ra8 20. Nd4 Nxd4 21.
Bxd4 e5 22. Be3 Bc6 23. Rb2 Rhc8 24. Rhb1 Nc5 25. Bxc5 dxc5 26. Bc4 f6 27. Ke3 Rc7 28. Rb6 a5 29. Rxc6 Rxc6 30. Bd5 Kd6 31. Rb7 Rcc8 32. Rxg7 Rab8 33. Rf7 Rf8 34. Ra7 Rb2 35. c4 Rxg2 36.
g4 Rb2 37. Rxa5 Rb6 38. Ra7 Rbb8 39. a4 Rb3+ 40. Kf2 1-0

[Event "*** Titled Tuesday Blitz"]
[Site "Chess.com"]
[Date "2020.04.21"]
[Round "4"]
[White "lifeissofun"]
[Black "MathiasWomacka"]
[Result "0-1"]
[WhiteElo "2267"]
[BlackElo "2457"]
[TimeControl "180+1"]
[EndTime "10:40:30 PDT"]
[Termination "MathiasWomacka won by resignation"]

1. e4 c5 2. Nf3 d6 3. d4 cxd4 4.
Nxd4 Nf6 5. Nc3 a6 6. h3 e6 7. g4 b5 8. Bg2 Bb7 9. O-O Nfd7 10. Be3 Nc6 11. f4 Be7 12. g5 Rc8 13. Qg4 b4 14. Nce2 Nxd4 15. Nxd4 Nc5 16. f5 e5 17. Ne2 Na4 18. f6 gxf6 19. gxf6 Bf8 20. b3 Nc3 21.
Nxc3 Rxc3 22. Bd2 Rxc2 23. Be3 Qc8 24. Qd1 Rg8 25. Rf2 Rxf2 26. Kxf2 Rxg2+ 27. Kxg2 Bxe4+ 28. Kh2 Qf5 29. Rc1 d5 30. Qg4 Qxg4 31. hxg4 Kd7 32. Bb6 d4 33. Re1 Bc2 34. Kg2 d3 35. Rxe5 Bh6 36. g5 Kd6 37. Re8 Bxg5 38. Rd8+ Kc6 39.
Bd4 d2 40. Rc8+ Kd5 41. Rxc2 d1=Q 42. Rc5+ Kxd4 43. Rxg5 Qd2+ 44. Kg3 Qxg5+ 45. Kf3 0-1

[Event "*** Titled Tuesday Blitz"]
[Site "Chess.com"]
[Date "2020.04.21"]
[Round "4"]
[White "Treacherous_horse64"]
[Black "Teidi96"]
[Result "1-0"]
[WhiteElo "2422"]
[BlackElo "2179"]
[TimeControl "180+1"]
[EndTime "10:40:30 PDT"]
[Termination "Treacherous_horse64 won on time"]

1. d4 d5 2. Nf3 Nf6 3. c4 dxc4 4.
e3 e6 5. Bxc4 a6 6. O-O b5 7.
Be2 Bb7 8. a3 c5 9. dxc5 Qxd1 10. Rxd1 Bxc5 11. b4 Be7 12. Bb2 O-O 13. Nbd2 Rd8 14.
Nb3 Nc6 15. Rxd8+ Rxd8 16. Kf1 Ne4 17. Ke1 f6 18. Rc1 e5 19. Nfd2 Nxd2 20. Nxd2 Kf7 21.
Bf3 Rc8 22. Bd5+ Ke8 23. Nb3 Kd7 24. Bf3 g6 25. g4 h6 26. Be4 Nd8 27. Bxg6 Rxc1+ 28. Nxc1 e4 29. Nb3 Ne6 30. h4 Kd6 31. Nd2 Nc7 32. Bxe4 Bxe4 33. Nxe4+ Ke6 34. Ke2 Nd5 35. Kd3 Nb6 36. Nd2 Nd5 37. Bd4 Nc7 38. h5 Ne8 39.
Ne4 Nd6 40. Nc5+ 1-0

[Event "*** Titled Tuesday Blitz"]
[Site "Chess.com"]
[Date "2020.04.21"]
[Round "4"]
[White "amelia91"]
[Black "Zoffy13"]
[Result "0-1"]
[WhiteElo "1938"]
[BlackElo "2240"]
[TimeControl "180+1"]
[EndTime "10:40:30 PDT"]
[Termination "Zoffy13 won on time"]

1. d4 Nf6 2. Nf3 c5 3. e3 cxd4 4. exd4 g6 5. Be2 Bg7 6. O-O d5 7. h3 O-O 8. c4 dxc4 9. Bxc4 b6 10. Nc3 Bb7 11. Re1 e6 12. Bg5 Qc7 13. Bb3 Nc6 14. d5 Nxd5 15. Nxd5 exd5 16. Bxd5 Bxb2 17. Rb1 Bg7 18. Rc1 Rac8 19. Qa4 h6 20. Bf4 Qd7 21.
Rcd1 Qf5 22. Bd6 Rfd8 23. Be4 Qa5 24. Bxc6 Bxc6 25. Qxa5 bxa5 26. Be7 Rxd1 27. Rxd1 a4 28. Nd4 Be8 29. Bb4 Rd8 30. Bc3 a6 31. Rd2 Rd5 32.
Nf3 Rxd2 33. Bxd2 a3 34. Kf1 Bb2 35. Ke2 Bc6 36. Ne1 Bd5 37. Nd3 Bxa2 38. Nb4 Bc4+ 39. Ke3 a2 40. Nxa2 Bxa2 41. Ke4 Ba3 42. Ba5 Bc5 43. Kf3 Kf8 44. g3 Ke7 45. h4 Kd6 46. Ke4 h5 47. f4 Bd5+ 0-1

[Event "*** Titled Tuesday Blitz"]
[Site "Chess.com"]
[Date "2020.04.21"]
[Round "4"]
[White "Dyadya81"]
[Black "LizaSolovyova"]
[Result "1/2-1/2"]
[WhiteElo "2651"]
[BlackElo "2494"]
[TimeControl "180+1"]
[EndTime "10:40:31 PDT"]
[Termination "Game drawn by agreement"]

1. e4 e5 2. Nf3 d6 3. d4 Qe7 4.
Nc3 c6 5. Bg5 Nf6 6. Qd2 h6 7.
Bh4 Bg4 8. O-O-O Nbd7 9. Bc4 O-O-O 10. d5 Nb6 11. Bb3 c5 12. a4 g5 13. Bg3 Nbd7 14.
Nb5 a6 15. Qa5 axb5 16. axb5 Nb8 17. b6 Nxe4 18. Rhe1 f5 19. Ba4 Bxf3 20. gxf3 Nxg3 21. hxg3 Bg7 22. Rd3 e4 23. fxe4 fxe4 24. Rde3 Qf6 25.
c3 Qxf2 26. Rxe4 Be5 27. Rxe5 dxe5 28. Rxe5 Rh7 29. Kb1 Rhd7 30. Bxd7+ Rxd7 31. Ka2 g4 32. Qb5 Na6 33. Qd3 Qf7 34. Qe4 Rd8 35. Ka3 Qd7 36.
c4 Nb4 37. Re7 Nc2+ 38. Kb3 Nd4+ 39. Ka3 Qf5 40. Rc7+ Kb8 41. Qe7 Qd3+ 42. Ka2 Qxc4+ 43. Ka1 Qc1+ 44. Ka2 Qc4+ 45. Ka1 1/2-1/2

[Event "*** Titled Tuesday Blitz"]
[Site "Chess.com"]
[Date "2020.04.21"]
[Round "4"]
[White "boasovietica"]
[Black "tgpgoat"]
[Result "1-0"]
[WhiteElo "2452"]
[BlackElo "2159"]
[TimeControl "180+1"]
[EndTime "10:40:31 PDT"]
[Termination "boasovietica won on time"]

1. e4 c5 2. Nf3 Nc6 3. Nc3 e6 4.
Bb5 g6 5. O-O Nge7 6. d3 Bg7 7.
Bg5 Qc7 8. Qd2 O-O 9. Bh6 a6 10. Ba4 b5 11. Bb3 d6 12. Qf4 Bb7 13. Qh4 Rfd8 14.
Ng5 Bf6 15. f4 Nd4 16. Rae1 d5 17. Kh1 c4 18. Re3 cxb3 19. axb3 Nxc2 20. Rh3 dxe4 21. Bg7 Bxg7 22. Qxh7+ Kf8 23. Ncxe4 Ng8 24. f5 exf5 25.
Rxf5 gxf5 26. Qxf5 Qd7 27. Nh7+ Ke8 28. Qg5 f5 29.
Qg6+ Qf7 30. Nd6+ Rxd6 31. Qxd6 Rd8 32. Qc5 Nd4 33. Re3+ Ne6 34. Qb6 Nf6 35. Ng5 Nd5 36. Rxe6+ Kf8 37. Qc5+ Ne7 38. Nxf7 Re8 39. Nd6 Bxg2+ 40.
Kxg2 1-0

[Event "*** Titled Tuesday Blitz"]
[Site "Chess.com"]
[Date "2020.04.21"]
[Round "4"]
[White "JoakimVonAnd"]
[Black "Jungle_Jaguar"]
[Result "1-0"]
[WhiteElo "2508"]
[BlackElo "2649"]
[TimeControl "180+1"]
[EndTime "10:40:32 PDT"]
[Termination "JoakimVonAnd won by checkmate"]

1. d4 Nf6 2. c4 e6 3. Nc3 Bb4 4. e3 O-O 5. Bd3 d5 6. Nf3 c5 7. cxd5 exd5 8. dxc5 Bg4 9. O-O Nbd7 10. h3 Bh5 11.
Be2 Nxc5 12. Bd2 Rc8 13. a3 Bxc3 14. Bxc3 Nce4 15. Bd4 a6 16. Rc1 Qd6 17. Qd3 Bg6 18. Qb3 b5 19. a4 b4 20. Rfd1 a5 21. Ne5 Bf5 22. Bb5 Nc5 23. Qa2 Ne6 24. Nf3 Nxd4 25. Nxd4 Bg6 26. Nc6 Kh8 27. Nxa5 Bc2 28. Re1 Ne4 29.
b3 Qb6 30. Nc6 Bd3 31. Bxd3 Rxc6 32. Rxc6 Qxc6 33. Qc2 Nc3 34. a5 Ra8 35. a6 Ra7 36. Ra1 g6 37. g3 Kg7 38. Bf1 Qc5 39. Qd2 Ne4 40. Qd4+ Qxd4 41. exd4 Nc3 42. Ra5 Kf6 43. Kg2 Ne4 44. Rxd5 Nd2 45. Rd6+ Ke7 46. Rb6 Nxb3 47. Rb7+ Rxb7 48. axb7 Nxd4 49. b8=Q b3 50. Qb4+ Ke6 51. Qxd4 b2 52. Qxb2 h5 53. Bc4+ Kf5 54. f4 h4 55.
Qe5# 1-0

[Event "*** Titled Tuesday Blitz"]
[Site "Chess.com"]
[Date "2020.04.21"]
[Round "4"]
[White "Frogo47"]
[Black "LikeWater"]
[Result "0-1"]
[WhiteElo "2489"]
[BlackElo "2664"]
[TimeControl "180+1"]
[EndTime "10:40:32 PDT"]
[Termination "LikeWater won on time"]

1. e4 c5 2. Nf3 e6 3. d4 cxd4 4. Nxd4 Nc6 5. Nc3 Qc7 6. Be3 Nf6 7. Qf3 Be7 8. O-O-O O-O 9. Qg3 Qxg3 10. hxg3 Ng4 11.
Nxc6 bxc6 12. Re1 e5 13. Nd1 Nxe3 14. Nxe3 d6 15. Bc4 g6 16. f4 Bf6 17. f5 Bg5 18. Kb1 Bxe3 19. Rxe3 gxf5 20. Rd1 Rd8 21. Red3 fxe4 22.
Rxd6 Rxd6 23. Rxd6 Bg4 24. Kc1 Kg7 25. Kd2 Rb8 26.
b3 Rb7 27. Ke3 f5 28. Rxc6 Rd7 29. Ra6 h5 30. a4 Rd1 31. Rxa7+ Kg6 32. Ra6+ Kg5 33.
Bf7 Re1+ 34. Kd2 Re2+ 35. Kc3 f4 36. gxf4+ exf4 37. a5 Rxg2 38. Rg6+ Kf5 39. a6 Rg1 40. Kb2 Rd1 41. Rg8 Rd7 0-1

[Event "*** Titled Tuesday Blitz"]
[Site "Chess.com"]
[Date "2020.04.21"]
[Round "4"]
[White "IsikCan"]
[Black "FrankieJay"]
[Result "1-0"]
[WhiteElo "2637"]
[BlackElo "2358"]
[TimeControl "180+1"]
[EndTime "10:40:32 PDT"]
[Termination "IsikCan won on time"]

1. e4 c5 2. Nf3 Nc6 3. d4 cxd4 4. Nxd4 Nf6 5. Nc3 e5 6. Ndb5 d6 7. Bg5 a6 8. Na3 b5 9. Bxf6 gxf6 10. Nd5 Bg7 11.
Bd3 Ne7 12. Nxe7 Qxe7 13. c4 f5 14. O-O O-O 15. Qh5 Rb8 16. exf5 e4 17. Rae1 Bb7 18. f3 d5 19. cxd5 Qc5+ 20. Kh1 exd3 21. Qh4 d2 22. Rd1 Bxb2 23. Rxd2 Qxa3 24. Rb1 Rbc8 25.
Qg5+ Kh8 26. Rdxb2 f6 27. Qh6 Bxd5 28. h4 Qe7 29. Rd2 Rcd8 30. Rbd1 Bc4 31. a3 Rxd2 32. Rxd2 Qe1+ 33. Kh2 Qe5+ 34. f4 Qe7 35. Rd7 Qxd7 36. Qxf8+ Bg8 37. Qxf6+ Qg7 38. Qxa6 h5 39. Qxb5 Qg4 40.
Qe5+ Kh7 41. Qe7+ Kh8 42. Qg5 Qe2 43. f6 1-0

[Event "*** Titled Tuesday Blitz"]
[Site "Chess.com"]
[Date "2020.04.21"]
[Round "4"]
[White "Arman_Hakemi"]
[Black "Nara_Kh"]
[Result "1-0"]
[WhiteElo "2577"]
[BlackElo "2344"]
[TimeControl "180+1"]
[EndTime "10:40:32 PDT"]
[Termination "Arman_Hakemi won by checkmate"]

1. Nf3 Nf6 2. b3 b6 3. g3 g6 4. Bg2 Bb7 5. Bb2 Bg7 6. c4 O-O 7. O-O c5 8. d4 cxd4 9. Nxd4 Bxg2 10. Kxg2 d5 11. Nd2 dxc4 12. Nxc4 Qd5+ 13. Nf3 Rd8 14.
Qc2 Na6 15. Rad1 Qe4 16. Qxe4 Nxe4 17. Bxg7 Kxg7 18. Nfe5 Nc3 19. Rxd8 Rxd8 20. Nc6 Rd7 21. e3 Nxa2 22. Ra1 N2b4 23. N4e5 Rd5 24. f4 f6 25. Nxb4 Nxb4 26. Nc4 Rd7 27. e4 Nc2 28. Rc1 Nd4 29. Rc3 Kf7 30. Ne3 Nb5 31. Rc8 Rd3 32. Nd5 Rxb3 33. Rh8 Kg7 34. Re8 a5 35. Rxe7+ Kf8 36. Rxh7 Nd6 37. Nxf6 Nf7 38. e5 Re3 39. Kf2 Ra3 40.
e6 Ra2+ 41. Kf3 Ra3+ 42. Kg4 Nh6+ 43. Kg5 Re3 44. Kxh6 a4 45. Rf7# 1-0

[Event "*** Titled Tuesday Blitz"]
[Site "Chess.com"]
[Date "2020.04.21"]
[Round "4"]
[White "ama18"]
[Black "Ladislav1969"]
[Result "1-0"]
[WhiteElo "2472"]
[BlackElo "2282"]
[TimeControl "180+1"]
[EndTime "10:40:32 PDT"]
[Termination "ama18 won on time"]

1. e4 c5 2. Nf3 e6 3. d4 cxd4 4.
Nxd4 Nf6 5. Nc3 Nc6 6. Ndb5 Bb4 7. a3 Bxc3+ 8. Nxc3 d5 9. exd5 exd5 10. Bd3 d4 11. Ne2 h6 12. O-O O-O 13. b4 Qd5 14. b5 Ne5 15. Nxd4 Nxd3 16. Qxd3 Rd8 17. Bb2 Bd7 18.
c4 Qh5 19. h3 Rac8 20. Rac1 Rc5 21. Rfd1 Be6 22. Re1 Rg5 23. Kf1 Rc5 24. Qb3 Bf5 25. Nxf5 Qxf5 26. Bxf6 Qxf6 27. Qe3 Rdc8 28. Qe4 Qb2 29.
Kg1 Qxa3 30. Qxb7 Qb4 31. Qxa7 Rxc4 32. Rcd1 Rc2 33. Rf1 Qf4 34. b6 Rb8 35. b7 Rb2 36. Qa6 R2xb7 37. Qc6 Kh8 38. Qd5 Kg8 39. Qc6 Kh8 40. Rde1 Kg8 41. Re8+ 1-0

[Event "*** Titled Tuesday Blitz"]
[Site "Chess.com"]
[Date "2020.04.21"]
[Round "4"]
[White "HomayoonTofighi"]
[Black "bancsoo"]
[Result "1-0"]
[WhiteElo "2920"]
[BlackElo "2741"]
[TimeControl "180+1"]
[EndTime "10:40:33 PDT"]
[Termination "HomayoonTofighi won on time"]

1. e4 e5 2. Nf3 Nf6 3. Nxe5 d6 4.
Nxf7 Kxf7 5. d4 Be6 6. Nc3 Be7 7.
Bd3 Rf8 8. O-O Kg8 9. f4 c5 10.
d5 Bg4 11. Qe1 Re8 12. e5 dxe5 13. fxe5 Bd6 14. e6 Qc7 15. Qh4 c4 16. Rxf6 gxf6 17.
Qxg4+ Kh8 18. Qh5 Rg8 19. Bf5 Na6 20. Be3 Nc5 21. Nb5 Qg7 22. g4 Bf8 23. d6 Ne4 24. e7 Bxe7 25. dxe7 Qxe7 26. Re1 Ng5 27. Nd4 Rae8 28. h4 Qb4 29. c3 Nh3+ 30. Kg2 Qxb2+ 31. Kxh3 Re7 32. Bd2 Qxd2 33. Rxe7 Qxc3+ 34. Kg2 Qd2+ 35. Kf3 Qd1+ 36. Ne2 Qf1+ 37. Ke3 Qh3+ 38. Kf2 Qh2+ 39. Kf1 Qh1+ 40. Ng1 1-0

[Event "*** Titled Tuesday Blitz"]
[Site "Chess.com"]
[Date "2020.04.21"]
[Round "4"]
[White "arctic_t00"]
[Black "LuisFSiles"]
[Result "1-0"]
[WhiteElo "2462"]
[BlackElo "2274"]
[TimeControl "180+1"]
[EndTime "10:40:33 PDT"]
[Termination "arctic_t00 won on time"]

1. d4 Nf6 2. Nf3 g6 3. Nbd2 d5 4. e3 Bg7 5. b4 O-O 6. Bb2 b6 7.
c4 Nbd7 8. Be2 c5 9. dxc5 bxc5 10. b5 Re8 11. Ne5 Nxe5 12. Bxe5 Bb7 13. Bf3 e6 14.
O-O Nd7 15. Bxg7 Kxg7 16. Qb3 Nf6 17. Rfd1 Qb6 18. Qb2 Rad8 19. a4 e5 20. cxd5 Bxd5 21. Bxd5 Rxd5 22. Nc4 Qe6 23. Qc2 Red8 24. Na5 Rxd1+ 25.
Rxd1 Qa2 26. Qc1 Qb2 27. h3 Rxd1+ 28. Qxd1 Ne4 29. Qf3 f5 30. Nc6 Nd2 31. Qd1 c4 32. Nxe5 c3 33. Nd3 Qa2 34. Ne1 Qc4 35. Nc2 Qd3 36.
Kh2 Nf1+ 37. Kg1 Qxd1 38. g3 1-0

[Event "*** Titled Tuesday Blitz"]
[Site "Chess.com"]
[Date "2020.04.21"]
[Round "4"]
[White "want2lose"]
[Black "BakaPG"]
[Result "1-0"]
[WhiteElo "2919"]
[BlackElo "2706"]
[TimeControl "180+1"]
[EndTime "10:40:34 PDT"]
[Termination "want2lose won by resignation"]

1. Nf3 d5 2. g3 Bg4 3. Bg2 Nd7 4. d4 Ngf6 5. O-O e6 6. c4 c6 7. b3 Be7 8. Bb2 O-O 9. Nbd2 a5 10. a3 b5 11. h3 Bh5 12. g4 Bg6 13. Nh4 a4 14. Nxg6 hxg6 15. c5 axb3 16. Qxb3 e5 17. dxe5 Ne8 18.
e4 Nxc5 19. Qe3 Na4 20. Bc3 Nc7 21. Nb3 dxe4 22. Bb4 Nd5 23. Qxe4 g5 24. Rac1 Bxb4 25. axb4 Nac3 26. Qf3 Na2 27. Rxc6 Naxb4 28. Rd6 Qe7 29.
Rxd5 Nxd5 30. Qxd5 Rfd8 31. Qxb5 Rab8 32. Qc5 Qd7 33. Na5 Rb5 34. Qc3 Qe6 35. Nc6 Rd7 36.
Nd4 Rxd4 37. Qxd4 Rxe5 38. Qd8+ Kh7 39. Qd3+ g6 40. Rd1 Re1+ 41. Rxe1 Qxe1+ 42. Bf1 Qe5 43. Qe3 Qd5 44. Be2 Kg7 45. Bf3 Qb5 46. Kg2 Kh6 47.
Qd4 Kh7 48. Qd5 1-0

[Event "*** Titled Tuesday Blitz"]
[Site "Chess.com"]
[Date "2020.04.21"]
[Round "4"]
[White "turayev_shahruh17"]
[Black "Manukyan_Artak"]
[Result "1/2-1/2"]
[WhiteElo "2564"]
[BlackElo "2354"]
[TimeControl "180+1"]
[EndTime "10:40:34 PDT"]
[Termination "Game drawn by agreement"]

1. e4 c6 2. Nc3 d5 3. exd5 cxd5 4. d4 Nc6 5. Bf4 Nf6 6. Nb5 e5 7. Bxe5 Nxe5 8. dxe5 Ng4 9. Qxd5 Qa5+ 10. c3 Qd8 11. Nf3 Be6 12. Qxd8+ Rxd8 13. Nc7+ Kd7 14. Nxe6 Kxe6 15. Bc4+ Kf5 16. Bxf7 Nxe5 17. Nxe5 Kxe5 18. O-O Rd2 19. b4 Kf6 20. Bb3 g6 21. Rad1 Bh6 22. Rxd2 Bxd2 23. Rd1 Bxc3 24. b5 Re8 25. g3 Re1+ 26.
Rxe1 Bxe1 27. Kf1 Bb4 28. Ke2 h5 29. Kf3 g5 30. Ke4 Bc5 31. f3 Bg1 32. h3 Bf2 33. g4 hxg4 34. hxg4 Bg1 35. Bd5 b6 36. Bb3 Bc5 37.
Kd5 Bb4 38. Kc6 Ke5 39. Kb7 Ba5 40. Kxa7 Kf4 41. Bd5 Ke5 42. Be4 Kf4 43. Kb7 Ke5 44.
Kc6 Kf4 45. Kd5 Bc3 46. Ke6 Ba5 47. Kd5 Bb4 48. Kc6 Ba5 49. a3 Ke5 50. Kd7 Bc3 51.
Kc7 Ba5 52. Kc6 Kf4 53. Kd5 Bc3 54. Kc4 Ba5 55. Kd3 Be1 56. Ke2 Ba5 57. Bf5 Bc3 58. Bd7 Bb2 59. Bc6 Bxa3 60. Kd3 Bc5 61. Be4 Ke5 62. Kc4 Be3 63. Bf5 Bc5 64. Bd7 Kf4 65.
Bc6 Ke5 66. Bd7 Kf4 67. Bc6 Ke5 68. Be4 Kf4 69. Kd5 Be3 70. Kc6 Bc5 1/2-1/2

[Event "*** Titled Tuesday Blitz"]
[Site "Chess.com"]
[Date "2020.04.21"]
[Round "4"]
[White "Yaacovn"]
[Black "Stewie_89"]
[Result "1-0"]
[WhiteElo "2826"]
[BlackElo "2642"]
[TimeControl "180+1"]
[EndTime "10:40:35 PDT"]
[Termination "Yaacovn won by resignation"]

1. d4 d5 2. e3 Nf6 3. Bd3 c5 4. c3 Nc6 5. f4 g6 6. Nf3 Bg7 7. O-O O-O 8. Nbd2 Bf5 9. Qe2 c4 10. Bb1 Bxb1 11. Rxb1 b5 12. Ne5 Qd6 13. e4 e6 14. g4 Nxe4 15. Nxe4 dxe4 16. Qxe4 Ne7 17. Bd2 Qd5 18. Qxd5 Nxd5 19. f5 Rfe8 20. fxg6 fxg6 21. Rbe1 Rf8 22. Nf3 Rae8 23. Kg2 h6 24. Re2 Re7 25. h3 Rfe8 26. Rfe1 Kh7 27. h4 Kg8 28. Kg3 Kh7 29. a3 a6 30. Bf4 a5 31. Bd6 Rd7 32. Rxe6 Rxe6 33. Rxe6 b4 34. axb4 axb4 35. cxb4 Rb7 36. Ne5 Bxe5+ 37. dxe5 Nxb4 38. Bxb4 Rxb4 39. Rc6 Rxb2 40.
Rxc4 Re2 41. Kf4 Kg7 42. Rc7+ Kf8 43. h5 gxh5 44. gxh5 Rh2 45. Kf5 Rxh5+ 46. Kf6 Ke8 47. Rh7 Rh1 48. Rh8+ Kd7 49. e6+ Kd6 50. Rd8+ Kc7 51.
e7 Rf1+ 52. Kg6 1-0

[Event "*** Titled Tuesday Blitz"]
[Site "Chess.com"]
[Date "2020.04.21"]
[Round "4"]
[White "nfds"]
[Black "Galileo22"]
[Result "1-0"]
[WhiteElo "2540"]
[BlackElo "2323"]
[TimeControl "180+1"]
[EndTime "10:40:35 PDT"]
[Termination "nfds won on time"]

1. Nf3 d5 2. c4 d4 3. g3 f6 4. Bg2 e5 5. O-O c5 6. b4 cxb4 7. a3 b3 8. Qxb3 Nd7 9. e3 Nc5 10.
Qb2 d3 11. Nc3 Ne7 12. Qb5+ Nc6 13. Nd5 Bd6 14. a4 O-O 15. Ne1 a6 16. Qb1 e4 17.
Ba3 f5 18. f3 Re8 19. fxe4 fxe4 20. Bxc5 Bxc5 21. Rf4 Ne5 22. Rxe4 Bf5 23. Rf4 Bg6 24.
Qxb7 Ra7 25. Qb3 Qd6 26. Rb1 Rd7 27. Nf3 Nxf3+ 28. Bxf3 h5 29. Kg2 Kh7 30. e4 Qe6 31. Qxd3 Bd6 32. Rf5 h4 33. Bg4 Qg8 34. e5 Rxe5 35.
Nf4 Rxf5 36. Bxf5 Bxf5 37. Qxf5+ Kh8 38. Ng6+ Kh7 39. Nf8+ Kh8 40. Nxd7 Qa8+ 41. Kh3 Qe8 42. Qg4 Qe2 43. Qxe2 1-0

[Event "*** Titled Tuesday Blitz"]
[Site "Chess.com"]
[Date "2020.04.21"]
[Round "4"]
[White "benko_008"]
[Black "Filip_Covic"]
[Result "1-0"]
[WhiteElo "2495"]
[BlackElo "2302"]
[TimeControl "180+1"]
[EndTime "10:40:35 PDT"]
[Termination "benko_008 won by resignation"]

1. Nf3 Nf6 2. c4 e6 3. Nc3 Bb4 4. Qc2 O-O 5. a3 Bxc3 6. Qxc3 b6 7. b4 a5 8. Bb2 d6 9. g3 Bb7 10. Bg2 Nbd7 11. O-O Qe7 12. b5 e5 13. d3 Nc5 14. e4 Na4 15. Qc2 Nxb2 16. Qxb2 Nd7 17.
Nh4 Nc5 18. Nf5 Qf6 19. Rad1 Bc8 20. Ne3 Be6 21. f4 Qh6 22. Rf2 f6 23. Rdd2 Qh5 24.
Qb1 Qf7 25. Qd1 Qd7 26. Bf3 Rae8 27. Bg4 Bxg4 28. Nxg4 Ne6 29. Ne3 Nd4 30. Nd5 Rf7 31. f5 Qd8 32. a4 Ref8 33. g4 g6 34. fxg6 hxg6 35. Rg2 g5 36. Rdf2 Ne6 37. h4 gxh4 38.
Rf5 Rg7 39. Qe1 Rh7 40. Rh5 Ng5 41. Qf2 Kg7 42. Qf5 Rxh5 43. gxh5 Qe8 44. Nxc7 Qxh5 45.
Ne6+ Kg8 46. Nxg5 fxg5 47. Rxg5+ Qxg5+ 48. Qxg5+ Kf7 49. Qh5+ Ke6 50. Qxh4 Rf6 51. Qh8 Rg6+ 52. Kf2 Rf6+ 53. Ke3 Rf7 1-0